 Dungeon Crawl Stone Soup version 0.28.0 (webtiles) character file.

Game seed: 6165189475652963611

210267 RighteousDevil the Cruncher (level 18, 0/142 HPs)
             Began as a Gnoll Wanderer on Feb 5, 2022.
             Was the Champion of the Shining One.
             Shot with an arrow by a naga sharpshooter (14 damage)
             ... on level 3 of the Snake Pit on Feb 7, 2022.
             The game lasted 02:28:56 (44326 turns).

RighteousDevil the Cruncher (Gnoll Wanderer)       Turns: 44326, Time: 02:28:57

Health: 0/142      AC: 26    Str: 21    XL:     18   Next: 85%
Magic:  0/35       EV: 15    Int: 19    God:    the Shining One [******]
Gold:   1559       SH: 26    Dex: 14    Spells: 10/44 levels left

rFire   + + +      SeeInvis .   p - +4 whip (elec)
rCold   + . .      Faith    .   K - +2 kite shield {rF+}
rNeg    + + +      Spirit   +   n - +9 scale mail "Amaub" {rElec rF+}
rPois   +          Reflect  .   Q - +1 hat of Old and Reckless {rPois rF+ Str-2 Dex+2}
rElec   +          Harm     .   o - scarf {repulsion}
rCorr   +          Rampage  .   C - +0 pair of gloves
Will    +....      NoTele   +   d - +0 pair of boots "Apiysuen" {Str+5}
Stlth   ++........              q - amulet of guardian spirit
HPRegen 0.33/turn               W - ring "Nithafoimm" {Wiz rCorr Int+4}
MPRegen 0.24/turn               x - ring "Itejum" {rC+ AC+4 Str+2 Int+2 Stlth+}

@: lethally poisoned (0 -> -3), divinely shielded, untranslocatable, hasted,
glowing, repel missiles, very quick
A: fangs 1, strong nose, distributed training, clumsy 1, MP-powered wands
}: 1/15 runes: decaying
a: Renounce Religion, Divine Shield, Cleansing Flame, Summon Divine Warrior,
Brand Weapon With Holy Wrath


You were on level 3 of the Snake Pit.
You worshipped the Shining One.
The Shining One was exalted by your worship.
You visited 7 branches of the dungeon, and saw 33 of its levels.
You also visited: Sewer, Bailey, Ice Cave and Volcano.

You collected 4512 gold pieces.
You spent 2953 gold pieces at shops.

Inventory:

Hand Weapons
 a - a +6 whip of flaming
 b - a +3 scimitar of flaming
 p - a +4 whip of electrocution (weapon)
 s - a +1 morningstar of venom
 A - the +11 rapier of the Median {venom, rF+}
   (You found it on level 3 of the Lair of Beasts)

   It poisons the flesh of those it strikes.
   rF:        It protects you from fire.
Missiles
 w - 6 throwing nets
Armour
 d - the +0 pair of boots "Apiysuen" (worn) {Str+5}
   (You found it on level 5 of the Lair of Beasts)

   Str:       It affects your strength (+5).
 n - the +9 scale mail "Amaub" (worn) {rElec rF+}
   (You bought it in a shop on level 8 of the Dungeon)

   rF:        It protects you from fire.
   rElec:     It insulates you from electricity.
 o - a scarf of repulsion (worn)
 C - a +0 pair of gloves (worn)
 K - a +2 kite shield of fire resistance (worn)
 Q - the +1 hat of Old and Reckless (worn) {rPois rF+ Str-2 Dex+2}
   (You found it on level 1 of the Lair of Beasts)

   Str:       It affects your strength (-2).
   Dex:       It affects your dexterity (+2).
   rF:        It protects you from fire.
   rPois:     It protects you from poison.
Jewellery
 q - an amulet of guardian spirit (around neck)
 x - the ring "Itejum" (right hand) {rC+ AC+4 Str+2 Int+2 Stlth+}
   (You found it in an ice cave)

   [ring of protection]

   AC:        It affects your AC (+4).
   Str:       It affects your strength (+2).
   Int:       It affects your intelligence (+2).
   rC:        It protects you from cold.
   Stlth:     It makes you more stealthy.
 P - the ring "Hadugiterph" {Fly Dex+6 Slay+3}
   (You bought it in a shop on level 13 of the Dungeon)

   [ring of dexterity]

   Dex:       It affects your dexterity (+6).
   Slay:      It affects your accuracy & damage with ranged weapons and melee
   (+3).
   Fly:       It grants you flight.
 T - an amulet of regeneration
 W - the ring "Nithafoimm" (left hand) {Wiz rCorr Int+4}
   (You found it on level 3 of the Snake Pit)

   [ring of wizardry]

   It improves your spell success rate.
   Int:       It affects your intelligence (+4).
   rCorr:     It protects you from acid and corrosion.
Wands
 e - a wand of polymorph (4)
 m - a wand of flame (30)
 u - a wand of charming (12)
 y - a wand of iceblast (2)
 E - a wand of digging (4)
 H - a wand of mindburst (2)
 N - a wand of acid (1)
Scrolls
 f - a scroll of holy word
 g - 4 scrolls of fear
 t - 4 scrolls of immolation
 D - 7 scrolls of amnesia
 F - 2 scrolls of summoning
 I - 2 scrolls of silence
 U - 3 scrolls of fog
 V - 13 scrolls of teleportation
Potions
 h - 7 potions of brilliance
 i - 8 potions of mutation
 j - 4 potions of might
 v - a potion of ambrosia
 z - 3 potions of berserk rage
 B - 5 potions of curing
 G - a potion of resistance
 L - 3 potions of lignification
 O - 2 potions of magic
 S - 4 potions of cancellation
Miscellaneous
 r - a phantom mirror
 R - a tin of tremorstones (2/2)
 Z - a box of beasts


   Skills:
 + Level 12.9 Fighting
 + Level 12.7 Short Blades
 + Level 12.7 Long Blades
 + Level 12.7 Axes
 + Level 12.7 Maces & Flails
 + Level 12.7 Polearms
 + Level 14.1 Staves
 + Level 12.7 Slings
 + Level 12.7 Bows
 + Level 12.7 Crossbows
 + Level 12.7 Throwing
 + Level 12.9 Armour
 + Level 13.4 Dodging
 + Level 12.7 Stealth
 + Level 12.7 Shields
 + Level 12.7 Unarmed Combat
 + Level 13.6 Spellcasting
 + Level 10.7 Conjurations
 + Level 10.7 Hexes
 + Level 10.7 Summonings
 + Level 10.7 Necromancy
 + Level 10.7 Translocations
 + Level 10.7 Transmutations
 + Level 10.7 Fire Magic
 + Level 10.7 Ice Magic
 + Level 10.7 Air Magic
 + Level 10.7 Earth Magic
 + Level 10.7 Poison Magic
 + Level 13.8 Invocations
 + Level 12.7 Evocations


You had 10 spell levels left.
You knew the following spells:

 Your Spells              Type           Power      Damage    Failure   Level
a - Slow                  Hex            100%       N/A       1%          1
b - Summon Ice Beast      Ice/Summ       52%        N/A       1%          4
c - Poisonous Vapours     Pois/Air       100%       N/A       1%          2
d - Olgreb's Toxic Radia  Pois           52%        N/A       1%          4
e - Ignite Poison         Fire/Tmut/Pois 52%        N/A       1%          3
f - Tukima's Dance        Hex            52%        N/A       1%          3
g - Frozen Ramparts       Ice            100%       1d12      1%          3
h - Fireball              Conj/Fire      26%        3d12      2%          5
i - Mephitic Cloud        Conj/Pois/Air  52%        N/A       1%          3
j - Magic Dart            Conj           100%       1d8       1%          1
k - Lee's Rapid Deconstr  Erth           26%        3d15*     2%          5

Your spell library contained the following spells:

 Spells                   Type           Power      Damage    Failure   Level
 Sandblast                Erth           100%       2d20      1%          1
 Sting                    Tmut/Pois      100%       1d8       1%          1
 Call Imp                 Summ           52%        N/A       1%          2
 Conjure Flame            Conj/Fire      52%        6-21      1%          3
 Dazzling Flash           Conj/Hex       100%       N/A       1%          3
 Gell's Gravitas          Tloc           52%        N/A       1%          3
 Lesser Beckoning         Tloc           52%        N/A       1%          3
 Stone Arrow              Conj/Erth      100%       3d13      1%          3
 Summon Guardian Golem    Hex/Summ       52%        N/A       1%          3
 Teleport Other           Tloc           52%        N/A       1%          3
 Anguish                  Hex/Necr       26%        N/A       1%          4
 Animate Armour           Summ/Erth      100%       N/A       1%          4
 Animate Dead             Necr           26%        N/A       1%          4
 Ice Form                 Ice/Tmut       52%        N/A       1%          4
 Sticky Flame             Conj/Fire      52%        2d7       1%          4
 Blade Hands              Tmut           26%        N/A       2%          5
 Borgnjor's Vile Clutch   Necr/Erth      26%        N/A       2%          5
 Irradiate                Conj/Tmut      26%        3d22      2%          5
 Iskenderun's Battlesphe  Conj           52%        2d10      2%          5
 Summon Forest            Summ/Tloc      26%        N/A       2%          5
 Summon Mana Viper        Hex/Summ       52%        N/A       2%          5
 Conjure Ball Lightning   Conj/Air       26%        3x3d7     16%         6
 Death Channel            Necr           26%        N/A       16%         6
 Dispersal                Tloc           26%        N/A       16%         6
 Eringya's Noxious Bog    Tmut/Pois      26%        N/A       16%         6
 Statue Form              Tmut/Erth      34%        N/A       16%         6
 Summon Cactus Giant      Summ           26%        N/A       16%         6
 Dragon Form              Tmut           26%        N/A       61%         7
 Enfeeble                 Hex            26%        N/A       61%         7
 Orb of Destruction       Conj           26%        9d9       61%         7
 Summon Hydra             Summ           26%        N/A       61%         7
 Disjunction              Tloc           26%        N/A       99%         8


Dungeon Overview and Level Annotations

Branches:
Dungeon (15/15)            Temple (1/1) D:6            Lair (6/6) D:8
  Swamp (4/4) Lair:2        Snake (4/4) Lair:4        Slime (0/5) Lair:5
    Orc (2/2) D:9             Elf (0/3) Orc:2        Vaults (1/5) D:14
 Depths (0/4) D:15          Sewer (visited)          Bailey (visited)
  IceCv (visited)         Volcano (visited)

Altars:
Ashenzari
Cheibriados
Dithmenos
Elyvilon
Fedhas
Gozag
Hepliaklqana
Kikubaaqudgha
Makhleb
Nemelex Xobeh
Okawaru
Qazlal
Ru
Sif Muna
Trog
Uskayaw
Vehumet
Wu Jian
Xom
Yredelemnul
Zin
The Shining One
Beogh
Jiyva

Shops:
D:8 ([*[   D:9 *   D:11 ([   D:13 =   Orc:1 !   Orc:2 (*[[*   Snake:1 ??!*
Vaults:1 !

Annotations:
D:9 Harold
D:10 3 runed translucent doors, Vito's ghost, journeyman VSWn
Lair:5 exclusion: ice statue
Orc:2 1 runed translucent door, Clumpoid's ghost, journeyman GnFi


Innate Abilities, Weirdness & Mutations

You have very sharp teeth.
Your uncanny sense of smell can sniff out nearby items.
Your experience applies equally to all skills.
You are clumsy. (Dex -2)
You expend magic power (3 MP) to strengthen your wands.


Message History

Press: ? - help, Dir - look around, f - activate The golden flame engulfs you but does no damage.
You resist.
The golden flame engulfs the nagaraja.
The nagaraja is lightly wounded.
You feel very sick.
The naga sharpshooter gestures wildly while chanting.
The naga sharpshooter magically shoots an arrow.
The arrow hits you!
* * * LOW HITPOINT WARNING * * *
The nagaraja spits poison at you.
The splash of poison is repelled.
Unknown command.
Unknown command.
Unknown command.
Your shield is strengthened by the Shining One's divine power.
You feel sick. You block the nagaraja's attack.
The naga sharpshooter spits poison at you.
The splash of poison misses you.
Unknown command.
You cannot teleport because you are locked down by a dimension anchor.
Unknown command.
Unknown command.
You feel yourself speed up.
You feel sick. You block the nagaraja's attack.
The naga sharpshooter shoots an arrow.
The arrow closely misses you. The nagaraja casts a spell at you.
You block the poison arrow.
You feel sick. The nagaraja casts a spell at you.
You feel more firmly anchored in space.
The naga sharpshooter shoots an arrow.
You block the arrow.
You feel sick. The nagaraja spits poison at you.
The splash of poison is repelled.
You feel sick.
The naga sharpshooter spits poison at you.
You block the splash of poison.
The naga sharpshooter mumbles some strange words.
The naga sharpshooter magically shoots an arrow.
The arrow hits you!
You die...

P########### #....#.......#.##...
P# #####..#.........#...... P#
##......##..........#.... .#
#......####....>..####... .#
#......# ##....^..# #...
#########......###........## #...
.....#.............#.......###...
.......###.#....#####............
....<#####......@....N.N....#....
.....#................>..........
..........................#......
.....#.........................##
...............[............(S..#
#########.######.....#......###.#
#..####......###.#..## #..
####...!...#....# #.#..# ###.
#####.....######....# #....# #...


You could see a nagaraja (fast, catching breath) and a naga sharpshooter
(catching breath).

Vanquished Creatures
  A tentacled monstrosity (Swamp:2)
  Rupert (Lair:3)
  A sphinx (D:14)
  Kirke (Lair:5)
  Gastronok (Lair:3)
  Roxanne (Snake:1)
  Agnes (Snake:1)
  2 thorn hunters (Swamp:4)
  A tengu reaver (Vaults:1)
  A fenstrider witch (Swamp:2)
  2 vault wardens (Vaults:1)
  2 orc warlords
  Aizul (Snake:1)
  4 very ugly things (Vaults:1)
  An ironbound preserver (Vaults:1)
  2 ironbound thunderhulks (Vaults:1)
  4 dire elephants
  An eleionoma (Swamp:3)
  An entropy weaver (Vaults:1)
  A bunyip (Swamp:4)
  24 hydras
  A vault guard (D:14)
  A rakshasa (D:15)
  3 ironbound frosthearts (Vaults:1)
  Fannar (Lair:3)
  2 ogre magi (Orc:2)
  6 naga warriors
  7 boulder beetles
  A catoblepas (Lair:6)
  3 alligator snapping turtles (Snake:2)
  7 anacondas
  12 two-headed ogres
  Erica (D:9)
  4 centaur warriors
  A deep troll shaman (Lair:6)
  2 alligators
  A death knight (D:14)
  8 death yaks
  A deep troll earth mage (Vaults:1)
  A tengu warrior (D:13)
  10 shock serpents
  4 naga sharpshooters
  Nergalle (D:12)
  Sonja (Lair:2)
  2 goliath frogs (Snake:2)
  3 skeletal warriors (D:13)
  4 sea snakes
  10 deep trolls
  A glowing orange brain (D:15)
  A naga ritualist (Snake:1)
  2 bog bodies (Swamp:4)
  An obsidian statue (D:12)
  2 wizards (Vaults:1)
  6 swamp dragons (Swamp:4)
  4 lindwurms
  3 ironbound convokers (Vaults:1)
  4 deep elf pyromancers
  6 orc knights
  Pikel (D:5)
  3 harpies (Vaults:1)
  4 mana vipers
  A moth of wrath (shapeshifter) (Vaults:1)
  11 ugly things
  4 salamanders
  A will-o-the-wisp (Swamp:2)
  8 cyclopes
  An orc sorcerer (Orc:1)
  A toenail golem (Volcano)
  4 manticores
  A vault sentinel (Vaults:1)
  26 elephants
  4 guardian serpents
  Joseph (D:7)
  15 black mambas
  7 naga magi
  2 gargoyles
  A cane toad (shapeshifter) (D:14)
  A molten gargoyle (Volcano)
  10 cane toads
  3 efreet
  3 yaktaurs (Vaults:1)
  A freezing wraith (D:14)
  2 rime drakes (Lair:1)
  An unseen horror (D:12)
  16 komodo dragons
  2 tengu conjurers (D:13)
  A troll (shapeshifter) (D:15)
  A hornet (Swamp:3)
  15 trolls
  A meliai (D:14)
  2 tarantellas (shapeshifter)
  5 tyrant leeches
  Grinder (D:3)
  3 polar bears
  30 slime creatures
  6 dream sheep (Lair:6)
  22 blink frogs
  2 snapping turtles (Snake:2)
  A spriggan (Swamp:3)
  Sigmund (D:2)
  A shadow (D:9)
  4 wyverns
  2 fire elementals
  4 basilisks
  2 wraiths
  6 fire bats
  68 yaks
  4 vampire mosquitoes (D:11)
  A hog (Lair:5)
  Grum (Bailey)
  A redback (shapeshifter) (D:9)
  3 steam dragons
  18 nagas
  2 wargs
  2 hell hounds (Lair:1)
  6 swamp worms
  18 water moccasins
  2 acid dragons
  A hornet zombie (D:7)
  7 swamp drakes (Swamp:4)
  5 ice beasts
  30 orc warriors
  A sky beast (D:5)
  2 black bears (Lair:6)
  11 centaurs
  21 ogres
  36 wolves
  A phantom (D:5)
  3 kobold brigands
  6 gnoll sergeants (Bailey)
  3 scorpions
  12 bullfrogs
  A cane toad simulacrum (Lair:2)
  4 earth elementals (Volcano)
  A jelly (D:5)
  2 water moccasin skeletons (D:4)
  6 killer bees (D:9)
  3 wights (D:10)
  2 electric eels (Snake:1)
  2 howler monkeys
  A bullfrog zombie (D:4)
  6 centaur zombies
  A lava snake (D:10)
  2 centaur skeletons
  9 hounds
  7 gnoll shamans (Bailey)
  16 orc priests
  Jessica (D:3)
  An iguana (Lair:2)
  16 orc wizards
  6 hell rats (Lair:5)
  2 killer bee zombies (D:7)
  A hound zombie (D:5)
  A hound skeleton (D:4)
  A howler monkey zombie (D:5)
  Robin (D:2)
  A howler monkey skeleton (D:6)
  14 gnolls
  7 adders
  4 river rats (Sewer)
  2 shadow imps
  A white imp (Lair:5)
  2 ufetubi
  An adder zombie (D:5)
  4 worms
  5 dart slugs
  77 orcs
  5 ball pythons
  2 bats
  5 endoplasms
  2 giant cockroaches
  17 goblins
  16 hobgoblins
  24 kobolds
  3 quokkas
  13 frilled lizards
  27 rats
1017 creatures vanquished.

Vanquished Creatures (collateral kills)
  A thorn hunter (Swamp:4)
  A dire elephant (Vaults:1)
  A naga warrior (Snake:2)
  A hydra (Swamp:4)
  A swamp dragon (Swamp:4)
  A bog body (Swamp:4)
  3 ugly things
  2 ice statues (IceCv)
  A black mamba (Snake:2)
  A tyrant leech (Swamp:4)
  2 death yak simulacra (IceCv)
  A swamp worm (Swamp:4)
  An orc warrior (Orc:2)
  A bullfrog (Lair:5)
  2 cane toad simulacra (IceCv)
  An elephant simulacrum (IceCv)
  A wight (D:10)
  A wolf simulacrum (IceCv)
23 creatures vanquished.

Vanquished Creatures (others)
  2 hydras
  2 swamp dragons (Swamp:4)
  2 bloated husks
  3 humans (Lair:5)
  A basilisk (Lair:5)
  A dancing weapon (D:10)
  A swamp worm (Swamp:3)
  An ice beast (Lair:5)
  A hell rat (Lair:5)
  A bush (Lair:6)
  4 foxfires (Swamp:2)
  63 fungi
  91 plants
173 creatures vanquished.

Grand Total: 1213 creatures vanquished

Notes
Turn   | Place    | Note
-------+----------+-------------------------------------------
     0 | D:1      | RighteousDevil the Gnoll Wanderer began the quest for the
                  | Orb.
     0 | D:1      | RighteousDevil set off with the following items: a +0
                  | quarterstaff, a +0 helmet, a +0 robe; and the following
                  | spell memorised: Slow; and the following spells available
                  | to memorise: Poisonous Vapours, Dazzling Flash, Summon
                  | Guardian Golem
     0 | D:1      | Reached XP level 1. HP: 17/17 MP: 6/6
     2 | D:1      | Noticed a demigod
     4 | D:1      | Noticed a demonspawn
     4 | D:1      | Noticed a minotaur
     6 | D:1      | Noticed a human
     8 | D:1      | Noticed a ghoul
     8 | D:1      | Noticed an elf
    11 | D:1      | Noticed a gargoyle
    13 | D:1      | Noticed a draconian
    15 | D:1      | Noticed a felid
    15 | D:1      | Noticed a dwarf
    17 | D:1      | Noticed a tengu
    17 | D:1      | Noticed a vine stalker
    19 | D:1      | Noticed an octopode
    19 | D:1      | Noticed a formicid
    21 | D:1      | Noticed a troll
    21 | D:1      | Noticed a merfolk
    23 | D:1      | Noticed a vampire
    25 | D:1      | Noticed a spriggan
    25 | D:1      | Noticed an ogre
    27 | D:1      | Noticed a naga
   167 | D:1      | Reached XP level 2. HP: 16/23 MP: 7/7
   174 | D:1      | Learned a level 1 spell: Magic Dart
   693 | D:1      | Reached XP level 3. HP: 27/28 MP: 9/9
   758 | D:2      | Reached skill level 5 in Spellcasting
   928 | D:2      | Noticed Robin
   943 | D:2      | Found a faded altar of an unknown god.
   949 | D:2      | Reached skill level 1 in Invocations
   952 | D:2      | Prayed at the altar of an unknown god.
   952 | D:2      | Became a worshipper of Elyvilon the Healer
   952 | D:2      | Reached * piety under Elyvilon
  1124 | D:2      | Noticed Sigmund
  1141 | D:2      | Killed Sigmund
  1142 | D:2      | Reached skill level 1 in Short Blades
  1142 | D:2      | Reached skill level 1 in Long Blades
  1142 | D:2      | Reached skill level 1 in Axes
  1142 | D:2      | Reached skill level 1 in Maces & Flails
  1142 | D:2      | Reached skill level 1 in Polearms
  1142 | D:2      | Reached skill level 1 in Slings
  1142 | D:2      | Reached skill level 1 in Bows
  1142 | D:2      | Reached skill level 1 in Crossbows
  1142 | D:2      | Reached skill level 1 in Throwing
  1142 | D:2      | Reached skill level 1 in Stealth
  1142 | D:2      | Reached skill level 1 in Shields
  1142 | D:2      | Reached skill level 1 in Unarmed Combat
  1142 | D:2      | Reached skill level 1 in Conjurations
  1142 | D:2      | Reached skill level 1 in Hexes
  1142 | D:2      | Reached skill level 1 in Summonings
  1142 | D:2      | Reached skill level 1 in Necromancy
  1142 | D:2      | Reached skill level 1 in Translocations
  1142 | D:2      | Reached skill level 1 in Transmutations
  1142 | D:2      | Reached skill level 1 in Fire Magic
  1142 | D:2      | Reached skill level 1 in Ice Magic
  1142 | D:2      | Reached skill level 1 in Air Magic
  1142 | D:2      | Reached skill level 1 in Earth Magic
  1142 | D:2      | Reached skill level 1 in Poison Magic
  1142 | D:2      | Reached skill level 1 in Evocations
  1142 | D:2      | Reached XP level 4. HP: 10/35 MP: 11/11
  1142 | D:2      | Reached XP level 5. HP: 12/41 MP: 12/12
  1488 | D:2      | Killed Robin
  1489 | D:2      | Reached XP level 6. HP: 32/47 MP: 13/13
  1730 | D:2      | Found a blossoming altar of Fedhas.
  1792 | D:2      | Reached ** piety under Elyvilon
  2200 | D:2      | Learned a level 2 spell: Poisonous Vapours
  2252 | D:3      | Noticed Jessica
  2254 | D:3      | Killed Jessica
  2436 | D:3      | Noticed Grinder
  2456 | D:3      | Killed Grinder
  2457 | D:3      | Reached skill level 5 in Dodging
  2457 | D:3      | Reached XP level 7. HP: 43/52 MP: 15/15
  2557 | D:3      | Reached skill level 7 in Staves
  2614 | D:3      | Found a radiant altar of Vehumet.
  2653 | D:3      | Found a sacrificial altar of Ru.
  2776 | D:3      | Reached *** piety under Elyvilon
  3302 | D:4      | Found a basalt altar of Yredelemnul.
  3369 | D:4      | Found a stormy altar of Qazlal.
  3504 | D:4      | Found a white marble altar of Elyvilon.
  3675 | D:5      | Entered Level 5 of the Dungeon
  3693 | D:5      | Reached XP level 8. HP: 60/60 MP: 16/16
  3927 | D:5      | Reached **** piety under Elyvilon
  4076 | D:5      | HP: 2/60 [hound (4)]
  4082 | D:5      | HP: 3/60 [hound (5)]
  4085 | D:5      | HP: 1/60 [hound (1)]
  4596 | D:5      | Noticed Pikel
  4615 | D:5      | Gained mutation: You expend magic power (3 MP) to
                  | strengthen your wands. [potion of mutation]
  4615 | D:5      | Gained mutation: You are clumsy. (Dex -2) [potion of
                  | mutation]
  4619 | D:5      | Elyvilon protects you from harm!
  4622 | D:5      | Killed Pikel
  5001 | D:5      | Reached XP level 9. HP: 59/66 MP: 18/18
  5104 | D:5      | HP: 3/66 [orc priest (9)]
  5739 | D:6      | Found a glowing drain.
  5821 | Sewer    | Entered a sewer
  6224 | D:6      | Found a staircase to the Ecumenical Temple.
  6412 | Temple   | Entered the Ecumenical Temple
  6482 | Temple   | Fell from the grace of Elyvilon
  6482 | Temple   | Became a worshipper of the Shining One
  6482 | Temple   | Reached * piety under the Shining One
  6482 | Temple   | Reached ** piety under the Shining One
  6876 | D:6      | Found a glowing silver altar of Zin.
  7180 | D:6      | Reached skill level 5 in Fighting
  7180 | D:6      | Reached skill level 5 in Armour
  7357 | D:7      | Reached skill level 8 in Staves
  7469 | D:7      | Reached skill level 5 in Invocations
  7544 | D:7      | Reached skill level 9 in Staves
  7544 | D:7      | Reached skill level 5 in Conjurations
  7544 | D:7      | Reached skill level 5 in Hexes
  7544 | D:7      | Reached skill level 5 in Summonings
  7544 | D:7      | Reached skill level 5 in Necromancy
  7544 | D:7      | Reached skill level 5 in Translocations
  7544 | D:7      | Reached skill level 5 in Transmutations
  7544 | D:7      | Reached skill level 5 in Fire Magic
  7544 | D:7      | Reached skill level 5 in Ice Magic
  7544 | D:7      | Reached skill level 5 in Air Magic
  7544 | D:7      | Reached skill level 5 in Earth Magic
  7544 | D:7      | Reached skill level 5 in Poison Magic
  7544 | D:7      | Reached XP level 10. HP: 68/77 MP: 19/22
  7559 | D:7      | Learned a level 3 spell: Mephitic Cloud
  7711 | D:7      | Noticed Joseph
  7724 | D:7      | Found a sparkling altar of Nemelex Xobeh.
  7731 | D:7      | Killed Joseph
  7732 | D:7      | Reached XP level 11. HP: 78/83 MP: 21/23
  7742 | D:7      | Found a hide-covered altar of Uskayaw.
  7751 | D:7      | Found an iron altar of Okawaru.
  7757 | D:7      | Found a shadowy altar of Dithmenos.
  7757 | D:7      | Found a shimmering blue altar of Sif Muna.
  7772 | D:7      | Learned a level 3 spell: Ignite Poison
  7915 | D:7      | You fall into a shaft and drop 2 floors!
  7915 | D:9      | Found a staircase to the Orcish Mines.
  7919 | Orc:1    | Entered Level 1 of the Orcish Mines
  7922 | Orc:1    | Noticed an orc knight
  7925 | Orc:1    | Reached *** piety under the Shining One
  7967 | D:9      | The Shining One protects you from harm!
  7970 | D:9      | HP: 3/83 [water moccasin (6)]
  8151 | D:9      | Found a flagged portal.
  8162 | Bailey   | Entered a bailey
  8423 | Bailey   | Noticed Grum
  8435 | Bailey   | Killed Grum
  9134 | D:8      | Found Demierch's Weapon Shop.
  9384 | D:8      | Found Kyts's Armour Shop.
  9405 | D:8      | Identified the ring "Toepneofu" {Int+6 Stlth+}
  9408 | D:8      | Found a burning altar of Makhleb.
  9625 | D:8      | Found Xidwoihy's Armour Emporium.
  9653 | D:8      | Found a staircase to the Lair.
  9972 | D:8      | Found Urru's Assorted Antiques.
 10014 | D:8      | Bought a masterwork scale mail for 153 gold pieces
 10014 | D:8      | Identified the +9 scale mail "Amaub" {rElec rF+} (You
                  | bought it in a shop on level 8 of the Dungeon)
 10282 | D:9      | Noticed Erica
 10286 | D:9      | Noticed Harold
 10622 | D:9      | Found Aqalum's General Store.
 10625 | D:9      | Bought a scroll of immolation for 42 gold pieces
 10625 | D:9      | Bought a potion of heal wounds for 60 gold pieces
 10625 | D:9      | Bought a scroll of identify for 24 gold pieces
 10646 | D:9      | Killed Erica
 11189 | D:10     | Entered Level 10 of the Dungeon
 11279 | D:9      | Killed an orc knight
 11580 | Orc:1    | Found Nusau's Distillery.
 11588 | Orc:1    | Bought a potion of heal wounds for 75 gold pieces
 11588 | Orc:1    | Bought a potion of magic for 120 gold pieces
 11606 | Orc:1    | Noticed an orc sorcerer
 11606 | Orc:1    | Noticed an orc knight
 11610 | Orc:1    | Killed an orc sorcerer
 11612 | Orc:1    | Noticed an orc warlord
 11615 | Orc:1    | Killed an orc knight
 11616 | Orc:1    | Reached XP level 12. HP: 81/91 MP: 12/24
 11874 | D:9      | Killed an orc warlord
 12402 | Orc:1    | Found a runed translucent door.
 12625 | Orc:1    | Reached **** piety under the Shining One
 12707 | Orc:2    | Entered Level 2 of the Orcish Mines
 12707 | Orc:2    | Noticed a two-headed ogre
 12711 | Orc:2    | Killed a two-headed ogre
 12712 | Orc:2    | Found Xioramun's Antique Weapon Shop.
 12723 | Orc:2    | Noticed a two-headed ogre
 12732 | Orc:2    | Killed a two-headed ogre
 12733 | Orc:2    | Reached skill level 10 in Staves
 12864 | Orc:2    | Noticed a two-headed ogre
 12875 | Orc:2    | Killed a two-headed ogre
 12884 | Orc:2    | Noticed a two-headed ogre
 13139 | Orc:1    | Killed a two-headed ogre
 13225 | Orc:2    | Noticed an ogre mage
 13231 | Orc:2    | Paralysed by an ogre mage for 6 turns
 13238 | Orc:2    | Killed an ogre mage
 13369 | Orc:2    | Noticed a two-headed ogre
 13384 | Orc:1    | Killed a two-headed ogre
 13669 | Orc:2    | Noticed an ogre mage
 13671 | Orc:2    | Noticed a two-headed ogre
 13682 | Orc:2    | Noticed a two-headed ogre
 13688 | Orc:2    | Killed an ogre mage
 13695 | Orc:2    | Killed a two-headed ogre
 13696 | Orc:2    | Reached XP level 13. HP: 51/99 MP: 16/26
 13884 | Orc:1    | Learned a level 3 spell: Tukima's Dance
 14242 | Orc:2    | Found Hocuag's Assorted Antiques.
 14245 | Orc:2    | Found Woiluf's Antique Armour Boutique.
 14260 | Orc:2    | Found Nifibro's Assorted Antiques.
 14271 | Orc:2    | Found Ezxaruif's Antique Armour Boutique.
 14376 | Orc:2    | Noticed Clumpoid's ghost (journeyman GnFi)
 14377 | Orc:2    | Found a runed translucent door.
 14612 | Orc:2    | Found a staircase to the Elven Halls.
 15136 | Orc:2    | Bought a pair of encrusted gloves for 275 gold pieces
 15136 | Orc:2    | Identified the +0 pair of gloves of Morality {Harm rC+
                  | Str-4} (You bought it in a shop on level 2 of the Orcish
                  | Mines)
 15142 | Orc:2    | Bought a scroll labelled SOUXTO HIOFOYD for 29 gold pieces
 15142 | Orc:2    | Bought a wand of paralysis (4) for 58 gold pieces
 15148 | Orc:2    | Bought a scroll of identify for 64 gold pieces
 15148 | Orc:2    | Bought a potion of heal wounds for 160 gold pieces
 15658 | D:10     | Found a runed translucent gate.
 15659 | D:10     | Found a runed translucent gate.
 15660 | D:10     | Found an opulent altar of Gozag.
 15660 | D:10     | Found a runed translucent gate.
 15661 | D:10     | Noticed Vito's ghost (journeyman VSWn)
 15662 | D:10     | Noticed a storm dragon
 15818 | D:10     | Identified the +3 leather armour of Feyl {Rampage +Inv
                  | rElec rCorr}
 16247 | D:11     | Reached ***** piety under the Shining One
 16266 | D:11     | Reached skill level 10 in Spellcasting
 16735 | D:11     | Found Yschioho's Weapon Boutique.
 16897 | D:11     | Found Bulegron's Antique Armour Emporium.
 17485 | D:12     | Noticed Nergalle
 17559 | Lair:1   | Entered Level 1 of the Lair of Beasts
 17749 | Lair:1   | Found a transporter.
 17842 | Lair:1   | Reached skill level 11 in Staves
 17842 | Lair:1   | Reached skill level 10 in Dodging
 18208 | Lair:1   | Reached XP level 14. HP: 70/108 MP: 19/28
 18656 | Lair:1   | Found a transporter.
 18767 | Lair:1   | Identified the +1 hat of Old and Reckless {rPois rF+ Str-2
                  | Dex+2}
 19039 | Lair:2   | Found a dark tunnel.
 19049 | Volcano  | Entered a volcano
 19072 | Volcano  | Reached skill level 10 in Invocations
 19295 | Lair:2   | Found a frozen archway.
 19304 | IceCv    | Entered an ice cave
 19315 | IceCv    | Found a transporter.
 19324 | IceCv    | Found a transporter.
 19358 | IceCv    | Identified the ring "Itejum" {rC+ AC+4 Str+2 Int+2 Stlth+}
 19777 | Lair:2   | Found a staircase to the Swamp.
 19828 | Lair:2   | Noticed Sonja
 19840 | Lair:2   | Killed Sonja
 21133 | Lair:3   | Identified the +11 rapier of the Median {venom, rF+}
 21204 | Lair:3   | Noticed Fannar
 21222 | Lair:3   | Killed Fannar
 21344 | Lair:3   | Noticed Rupert
 21411 | Lair:3   | Killed Rupert
 21412 | Lair:3   | Reached skill level 10 in Fighting
 21412 | Lair:3   | Reached skill level 10 in Armour
 21755 | Lair:3   | Noticed Gastronok
 21778 | Lair:3   | Killed Gastronok
 22530 | Lair:4   | Found a staircase to the Snake Pit.
 23252 | Lair:5   | Reached XP level 15. HP: 115/115 MP: 30/30
 23849 | Lair:5   | Noticed Kirke
 23868 | Lair:5   | Identified the +0 pair of boots "Apiysuen" {Str+5}
 23975 | Lair:5   | Noticed a sphinx
 23993 | Lair:5   | Killed Kirke
 23994 | Lair:5   | Reached skill level 10 in Short Blades
 23994 | Lair:5   | Reached skill level 10 in Long Blades
 23994 | Lair:5   | Reached skill level 10 in Axes
 23994 | Lair:5   | Reached skill level 10 in Maces & Flails
 23994 | Lair:5   | Reached skill level 10 in Polearms
 23994 | Lair:5   | Reached skill level 10 in Slings
 23994 | Lair:5   | Reached skill level 10 in Bows
 23994 | Lair:5   | Reached skill level 10 in Crossbows
 23994 | Lair:5   | Reached skill level 10 in Throwing
 23994 | Lair:5   | Reached skill level 10 in Stealth
 23994 | Lair:5   | Reached skill level 10 in Shields
 23994 | Lair:5   | Reached skill level 10 in Unarmed Combat
 23994 | Lair:5   | Reached skill level 10 in Evocations
 24651 | Lair:5   | Reached ****** piety under the Shining One
 24699 | Lair:5   | Found a viscous altar of Jiyva.
 24699 | Lair:5   | Found a staircase to the Slime Pits.
 24988 | Lair:6   | Entered Level 6 of the Lair of Beasts
 25044 | Lair:6   | Reached skill level 12 in Staves
 25617 | Lair:6   | Learned a level 3 spell: Frozen Ramparts
 26973 | Lair:6   | Reached XP level 16. HP: 121/124 MP: 28/31
 27436 | Swamp:1  | Entered Level 1 of the Swamp
 27596 | Swamp:2  | Noticed a tentacled monstrosity
 27619 | Swamp:2  | Killed a tentacled monstrosity
 27690 | Swamp:3  | Noticed a fenstrider witch
 27715 | Swamp:3  | Noticed a fenstrider witch
 27726 | Swamp:4  | Entered Level 4 of the Swamp
 28008 | Swamp:4  | Noticed a thorn hunter
 28015 | Swamp:4  | Noticed a thorn hunter
 28016 | Swamp:4  | Noticed a thorn hunter
 28032 | Swamp:4  | Killed a thorn hunter
 28040 | Swamp:4  | Killed a thorn hunter
 28211 | Swamp:4  | Got a decaying rune of Zot
 28353 | Swamp:4  | Killed a thorn hunter
 28623 | Swamp:3  | Paralysed by a fenstrider witch for 6 turns
 28635 | Swamp:2  | Paralysed by a fenstrider witch for 4 turns
 28641 | Swamp:2  | Killed a fenstrider witch
 28951 | Snake:1  | Entered Level 1 of the Snake Pit
 30145 | D:12     | Identified the +3 hunting sling of Truncation {venom, rPois
                  | rC+ Int+2}
 30189 | D:12     | Killed Nergalle
 30721 | D:13     | Found Quxzecuwn's Jewellery Shoppe.
 31146 | D:13     | Reached skill level 13 in Staves
 31540 | D:13     | Reached XP level 17. HP: 133/133 MP: 33/33
 31679 | D:13     | Bought the ring "Hadugiterph" {Fly Dex+6 Slay+3} for 1122
                  | gold pieces
 32381 | D:14     | Found a gate to the Vaults.
 33216 | D:15     | Entered Level 15 of the Dungeon
 33967 | D:15     | Found a staircase to the Depths.
 33972 | D:15     | Paralysed by a floating eye for 2 turns
 34536 | Vaults:1 | Entered Level 1 of the Vaults
 34591 | Vaults:1 | Noticed a sphinx
 34643 | D:14     | Killed a sphinx
 35486 | Vaults:1 | Reached skill level 10 in Conjurations
 35486 | Vaults:1 | Reached skill level 10 in Hexes
 35486 | Vaults:1 | Reached skill level 10 in Summonings
 35486 | Vaults:1 | Reached skill level 10 in Necromancy
 35486 | Vaults:1 | Reached skill level 10 in Translocations
 35486 | Vaults:1 | Reached skill level 10 in Transmutations
 35486 | Vaults:1 | Reached skill level 10 in Fire Magic
 35486 | Vaults:1 | Reached skill level 10 in Ice Magic
 35486 | Vaults:1 | Reached skill level 10 in Air Magic
 35486 | Vaults:1 | Reached skill level 10 in Earth Magic
 35486 | Vaults:1 | Reached skill level 10 in Poison Magic
 35862 | Vaults:1 | Learned a level 4 spell: Ice Form
 35867 | Vaults:1 | Learned a level 4 spell: Olgreb's Toxic Radiance
 35872 | Vaults:1 | Learned a level 4 spell: Summon Ice Beast
 36459 | Vaults:1 | Found Lalluduh's Distillery.
 36467 | Vaults:1 | Bought a potion of heal wounds for 95 gold pieces
 36467 | Vaults:1 | Bought a potion of curing for 57 gold pieces
 37182 | Vaults:1 | Reached XP level 18. HP: 141/141 MP: 20/35
 38672 | Lair:4   | Learned a level 5 spell: Fireball
 38866 | Snake:1  | Found Geru's Magic Scroll Emporium.
 38869 | Snake:1  | Found Sisuvak's Assorted Antiques.
 38869 | Snake:1  | Found Ohuekking's Magic Scroll Emporium.
 38874 | Snake:1  | Found Gyewie's Distillery.
 38894 | Snake:1  | Bought a scroll of teleportation for 36 gold pieces
 38894 | Snake:1  | Bought a scroll of summoning for 114 gold pieces
 38898 | Snake:1  | Bought a potion of resistance for 160 gold pieces
 38901 | Snake:1  | Bought a wand of mindburst (9) for 72 gold pieces
 39075 | Snake:1  | Noticed Aizul
 39110 | Snake:1  | Killed Aizul
 39802 | Snake:1  | Identified Roxanne's Guide on the Mountains
 39802 | Snake:1  | Noticed Roxanne
 39861 | Snake:1  | Killed Roxanne
 40125 | Snake:1  | Learned a level 5 spell: Lee's Rapid Deconstruction
 40502 | Snake:1  | Noticed Agnes
 40507 | Snake:1  | Killed Agnes
 41572 | Snake:2  | Reached skill level 14 in Staves
 43394 | Snake:3  | Found a transporter.
 43397 | Snake:3  | Found a transporter.
 43604 | Snake:3  | Found a transporter.
 43606 | Snake:3  | Found a transporter.
 43805 | Snake:3  | Found a transporter.
 43817 | Snake:3  | Found a transporter.
 43862 | Snake:3  | Identified the ring "Nithafoimm" {Wiz rCorr Int+4}
 44137 | Snake:4  | Entered Level 4 of the Snake Pit
 44225 | Snake:1  | Bought a scroll of magic mapping for 59 gold pieces
 44225 | Snake:1  | Bought a scroll of teleportation for 51 gold pieces
 44225 | Snake:1  | Bought a scroll of enchant weapon for 127 gold pieces
 44326 | Snake:3  | Shot with an arrow by a naga sharpshooter

Illustrated notes

Levels and vault maps discovered:
D:1:      kb_arrival_jail, layout_basic
D:2:      layout_basic, ebering_ecumenical_altar_box, basic_altar,
          minmay_misc_feat_rugged, uniq_robin, uniq_sigmund
D:3:      layout_basic, mainiacjoe_overflow_catch_the_wave, st_stairs_1,
          minmay_misc_feat_diagonals, minmay_rat_hole, uniq_grinder,
          uniq_jessica
D:4:      layout_rooms, mainiacjoe_overflow_alcove_4,
          mainiacjoe_overflow_small_starburst, kennysheep_little_box
D:5:      layout_gridville, uniq_pikel
D:6:      layout_loops_ring, general_overflow_altar, minmay_temple_entry_waves,
          cheibrodos_sewer_entry_sluice
D:7:      layout_rooms, minmay_overflow_temple_star_hex,
          minmay_fractal_squares_5, uniq_joseph
D:8:      layout_loops_ring, mainiacjoe_overflow_chevrons,
          grunt_lair_entry_orc_guard_hut, serial_shops, shop,
          nicolae_shop_waterfront, shop, shop
D:9:      layout_roguey, david_orc_5, serial_shops, nicolae_shop_behind_doors,
          enter_bailey_3, minmay_starry_boxes, uniq_harold, uniq_erica
D:10:     layout_rooms, ebering_ghost_gozag, minmay_statues_item, minivault_23,
          kennysheep_opposing_triangles
D:11:     layout_layer_cave, serial_shops, nicolae_square_shop, shop_fountains
D:12:     layout_stronghold, minivault_16, uniq_nergalle
D:13:     layout_stronghold, nicolae_inconvenience_store, st_stairs_6
D:14:     layout_big_octagon, david_vaults_5, chequers_serial_rivers_small_3,
          minmay_hollow_rounded_squares
D:15:     gammafunk_enter_depths_forms, layout_long_grid
Temple:   cyrus_temple_forest
Lair:1:   gammafunk_cloud_chamber, layout_hall_layers, uniq_grum
Lair:2:   layout_layer_cave, palyth_hydra_swamp_entry,
          portal_ice_cave_entry_ice_simulacra, nicolae_volcano_entry_batcave,
          beast_lair_carwin_4, uniq_sonja
Lair:3:   layout_regular_city, uniq_gastronok, uniq_fannar, uniq_rupert
Lair:4:   layout_small_grid, guppyfry_snake_entry_garden
Lair:5:   layout_regular_city, slime_altar_1, ice2_lemuel, grunt_megastairs_2,
          uniq_kirke
Lair:6:   grunt_lair_end_beastmaster, layout_small_grid
Swamp:1:  layout_falls_marsh, nicolae_swamp_trees_clearing, uniq_donald
Swamp:2:  layout_basic_swamp, evilmike_swamp_ruin_house_1
Swamp:3:  layout_falls_marsh, evilmike_swamp_ruin_house_2, uniq_mara
Swamp:4:  swamp_alternative, layout_basic_swamp
Snake:1:  layout_honeycomb, serial_bayou_shore_a, minmay_shoptagon,
          uniq_roxanne, uniq_aizul, uniq_agnes
Snake:2:  layout_onion, nicolae_snake_herptile_family_reunion
Snake:3:  layout_rooms, serial_bayou_pond_c, serial_nicolae_subway,
          nicolae_sub_station_stone, nicolae_sub_station_metal,
          nicolae_sub_station_crystal
Snake:4:  snake_hunt, layout_cave_town, nicolae_large_snake_swirl, uniq_vashnia,
          uniq_louise, uniq_saint_roka, uniq_bai_suzhen
Orc:1:    layout_caves, serial_shops, shop_fountains,
          nicolae_orc_flooded_monolith, lightli_church_of_beogh
Orc:2:    st_orc_open, layout_diamond_mine, serial_shops, shop,
          hellmonk_ghost_happy_afterlife
Vaults:1: vaults_room_fours, vaults_room_fancy_cross, st_cells,
          nicolae_vaults_network_barrier, vaults_room_pools,
          ontoclasm_vaults_pinch, v_pattern_2, ontoclasm_vaults_chip,
          hangedman_vaults_unwind, v_misc_2, nicolae_vaults_circle_grid_a,
          grunt_vaults_hallway_long, layout_vaults_omnibox, serial_shops,
          nicolae_shop_hallway_stairs

Skill      XL: |  1  2  3  4  5  6  7  8  9 10 11 12 13 14 15 16 17 18 |
---------------+-------------------------------------------------------+-----
Spellcasting   | 5 6 8 9 10 11 12 13 | 13.6
Invocations    | 1 2 3 4 6 7 8 9 10 11 12 13 | 13.8
Fighting       | 3 4 6 7 8 9 10 11 12 | 12.9
Short Blades   | 1 2 3 6 7 8 9 10 11 12 | 12.7
Long Blades    | 1 2 3 6 7 8 9 10 11 12 | 12.7
Axes           | 1 2 3 6 7 8 9 10 11 12 | 12.7
Maces & Flails | 1 2 3 6 7 8 9 10 11 12 | 12.7
Polearms       | 1 2 3 6 7 8 9 10 11 12 | 12.7
Slings         | 1 2 3 6 7 8 9 10 11 12 | 12.7
Bows           | 1 2 3 6 7 8 9 10 11 12 | 12.7
Crossbows      | 1 2 3 6 7 8 9 10 11 12 | 12.7
Throwing       | 1 2 3 6 7 8 9 10 11 12 | 12.7
Armour         | 3 4 6 7 8 9 10 11 12 | 12.9
Stealth        | 1 2 3 6 7 8 9 10 11 12 | 12.7
Shields        | 1 2 3 6 7 8 9 10 11 12 | 12.7
Unarmed Combat | 1 2 3 6 7 8 9 10 11 12 | 12.7
Conjurations   | 1 2 3 5 6 7 8 9 10 | 10.7
Hexes          | 1 2 3 5 6 7 8 9 10 | 10.7
Summonings     | 1 2 3 5 6 7 8 9 10 | 10.7
Necromancy     | 1 2 3 5 6 7 8 9 10 | 10.7
Translocations | 1 2 3 5 6 7 8 9 10 | 10.7
Transmutations | 1 2 3 5 6 7 8 9 10 | 10.7
Fire Magic     | 1 2 3 5 6 7 8 9 10 | 10.7
Ice Magic      | 1 2 3 5 6 7 8 9 10 | 10.7
Air Magic      | 1 2 3 5 6 7 8 9 10 | 10.7
Earth Magic    | 1 2 3 5 6 7 8 9 10 | 10.7
Poison Magic   | 1 2 3 5 6 7 8 9 10 | 10.7
Evocations     | 1 2 3 6 7 8 9 10 11 12 | 12.7
Dodging        | 5 6 7 8 9 10 11 12 13 | 13.4
Staves         | 7 9 10 11 12 13 14 | 14.1

Action                   |  1- 3 |  4- 6 |  7- 9 | 10-12 | 13-15 | 16-18 || total
-------------------------+-------+-------+-------+-------+-------+-------++-------
Melee: Quarterstaff      |    38 |       |       |       |       |       ||    38
       Bite              |     3 |     8 |    59 |    80 |   306 |   484 ||   940
       Rapier            |    18 |       |       |       |     6 |    21 ||    45
       Short sword       |    18 |    72 |   287 |       |       |       ||   377
       Punch             |       |       |     5 |       |       |       ||     5
       Whip              |       |       |   146 |   433 |  1440 |  1846 ||  3865
       Morningstar       |       |       |       |       |    68 |       ||    68
       Scimitar          |       |       |       |       |    45 |   161 ||   206
 Cast: Magic Dart        |     2 |       |       |       |       |       ||     2
       Mephitic Cloud    |       |       |       |     5 |    18 |     6 ||    29
       Tukima's Dance    |       |       |       |       |     9 |       ||     9
       Frozen Ramparts   |       |       |       |       |     5 |    10 ||    15
       Olgreb's Toxic Ra |       |       |       |       |       |    19 ||    19
       Ignite Poison     |       |       |       |       |       |    17 ||    17
       Summon Ice Beast  |       |       |       |       |       |    11 ||    11
       Fireball          |       |       |       |       |       |     3 ||     3
       Ice Form          |       |       |       |       |       |     2 ||     2
Invok: Heal Self         |       |       |     1 |       |       |       ||     1
       Cleansing Flame   |       |       |       |     3 |       |     4 ||     7
       Divine Shield     |       |       |       |     3 |     2 |     7 ||    12
       Summon Divine War |       |       |       |       |     1 |     1 ||     2
Evoke: Wand              |       |       |     7 |    34 |    14 |    81 ||   136
       Tin of tremorston |       |       |       |       |       |     2 ||     2
  Use: Scroll            |     4 |     1 |    10 |    11 |    11 |     9 ||    46
       Potion            |     1 |       |     7 |    11 |     9 |    11 ||    39
 Stab: Sleeping          |       |     2 |     8 |       |       |       ||    10
       Distracted        |       |       |     1 |       |       |       ||     1
Armor: Robe              |     5 |       |       |       |       |       ||     5
       Leather armour    |     7 |    14 |    38 |       |       |       ||    59
       Ring mail         |       |       |    68 |       |       |       ||    68
       Steam dragon scal |       |       |       |    30 |       |       ||    30
       Scale mail        |       |       |       |   121 |   662 |   619 ||  1402
       Skin              |       |       |       |       |       |     2 ||     2
Dodge: Dodged            |    39 |    27 |   198 |   207 |   663 |   750 ||  1884
       Repelled          |       |       |       |     3 |     6 |    37 ||    46
Block: Buckler           |       |       |    53 |    50 |       |       ||   103
       Kite shield       |       |       |       |   193 |   970 |  1213 ||  2376
